 Dungeon Crawl Stone Soup version 0.20.1-1-g8b1a95d (webtiles) character file.

7909 Inkary the Protected (level 11, -3/94 HPs)
             Began as a Minotaur Gladiator on Oct 8, 2017.
             Was a High Priest of Makhleb.
             Slain by a troll (13 damage)
             ... on level 10 of the Dungeon on Oct 9, 2017.
             The game lasted 00:29:47 (9413 turns).

Inkary the Protected (Minotaur Gladiator)           Turns: 9413, Time: 00:29:48

Health: -3/94      AC: 18    Str: 31    XL:     11   Next: 3%
Magic:  13/13      EV: 12    Int:  5    God:    Makhleb [*****.]
Gold:   386        SH:  0    Dex: 12    Spells: 2/10 levels left

rFire    . . .     SeeInvis .   U - +5 great sword "Vaguskis" {pain, +Blink MR- Str+6}
rCold    + + +     Gourm    .   (shield currently unavailable)
rNeg     . . .     Faith    .   D - +0 ice dragon scales
rPois    +         Spirit   .   c - +0 hat
rElec    +         Reflect  .   O - +0 cloak {rPois}
rCorr    +         Harm     +   H - +1 pair of gloves {Str+3}
MR       +....     Rnd*Rage +   (no boots)
Stlth    ..........             A - amulet of harm
Regen    0.0/turn               M - ring of resist corrosion
MPRegen  0.2/turn               I - ring of protection from magic

@: resistant
A: retaliatory headbutt, horns 2, berserk 1, magic resistance 1, inhibited
regeneration, wild magic 1
a: Minor Destruction, Lesser Servant of Makhleb, Major Destruction, Greater
Servant of Makhleb, Renounce Religion, Evoke Blink


You were on level 10 of the Dungeon.
You worshipped Makhleb.
Makhleb was extremely pleased with you.
You were not hungry.

You visited 1 branch of the dungeon, and saw 10 of its levels.
You also visited: Sewer.

You collected 634 gold pieces.
You spent 248 gold pieces at shops.

Inventory:

Hand Weapons
 N - a +3 quarterstaff of chaos
 U - the +5 great sword "Vaguskis" (weapon) {pain, +Blink MR- Str+6}
   (You found it on level 10 of the Dungeon)

   In the hands of one skilled in necromantic magic, it inflicts extra damage on
   living creatures.
   It affects your strength (+6).
   It affects your resistance to hostile enchantments.
   It lets you blink.
Missiles
 d - 3 throwing nets (quivered)
Armour
 c - a +0 hat (worn)
 D - +0 ice dragon scales (worn)
 H - a +1 pair of gloves of strength (worn)
 O - a +0 cloak of poison resistance (worn)
Jewellery
 p - an uncursed ring of positive energy
 A - an amulet of harm (around neck)
 B - an uncursed ring of protection from cold
 I - a ring of protection from magic (right hand)
 M - a ring of resist corrosion (left hand)
 S - an uncursed amulet of magic regeneration {unknown}
Wands
 j - a wand of acid (3/15)
 n - a wand of scattershot (4/9)
 z - a wand of confusion (25/48)
 E - a wand of confusion (20/48)
 G - a wand of iceblast (5/15)
 K - a wand of digging (6/24)
 L - a wand of digging (10/24)
Scrolls
 a - a scroll of identify
 b - 2 scrolls of enchant weapon {unknown}
 h - 4 scrolls of immolation {unknown}
 i - 2 scrolls of amnesia {unknown}
 k - a scroll of teleportation
 q - a scroll of fear {unknown}
 u - 4 scrolls of magic mapping
 v - a scroll of recharging
 y - 2 scrolls of random uselessness {unknown}
 C - 3 scrolls of fog {unknown}
 F - 3 scrolls of blinking {unknown}
Potions
 e - a potion of resistance
 g - a potion of magic {unknown}
 l - 4 potions of brilliance
 o - a potion of invisibility {unknown}
 r - a potion of cancellation
 t - 3 potions of flight {unknown}
 w - 3 potions of might
 x - 2 potions of curing
 J - a potion of mutation {unknown}
 R - a potion of heal wounds {unknown}
Comestibles
 f - 14 bread rations
 m - 5 royal jellies
 s - 4 meat rations
 Q - 4 fruits
 T - a chunk of flesh


   Skills:
 - Level 7.8 Fighting
 * Level 1.9 Long Blades
   Level 3.4(7.8) Polearms
 - Level 10.8(11.1) Staves
 - Level 2.0 Throwing
 - Level 13.0 Armour
 - Level 3.2 Dodging
   Level 2.8 Shields
 + Level 0.3 Spellcasting
 - Level 5.1 Invocations


You had 2 spell levels left.
You knew the following spells:

 Your Spells              Type           Power        Failure   Level  Hunger
a - Confuse               Hex            #.......     98%         3    ####...
b - Summon Butterflies    Summ           #.......     78%         1    ##.....
c - Apportation           Tloc           #.....       78%         1    ##.....
d - Regeneration          Chrm/Necr      #.........   98%         3    ####...


Dungeon Overview and Level Annotations

Branches:
Dungeon (10/15)            Temple (0/1) D:6            Lair (0/6) D:8
    Orc: D:9-12

Altars:
Ashenzari
Elyvilon
Hepliaklqana
Makhleb
Qazlal
Sif Muna
Vehumet
Xom
The Shining One

Shops:
D:5 =%[(


Innate Abilities, Weirdness & Mutations

You reflexively headbutt those who attack you in melee.
You have a pair of horns on your head.
You tend to lose your temper in combat.
You are resistant to hostile enchantments. (MR+)
You do not regenerate when monsters are visible.
Your spells are a little harder to cast, but a little more powerful.


Message History

The troll claws you!
You closely miss the troll. Your headbutt misses the troll.
The troll bites you! The troll claws you but does no damage.
The troll claws you. The troll bites you!
* * * LOW HITPOINT WARNING * * *
The troll claws you but does no damage. The troll claws you.
* * * LOW HITPOINT WARNING * * *
Okay, then.
You feel protected. The troll bites you but does no damage.
The troll closely misses you. The troll claws you.
* * * LOW HITPOINT WARNING * * *
Press: ? - help, Shift-Dir - straight line, f - troll
Aim: a troll The iron shot hits the troll.
The troll is heavily wounded.
The troll completely misses you. The troll barely misses you.
The troll closely misses you.
A demon appears!
The troll bites you!
You die...

#..# #..# #.....
#..# #..# #.....
#.)# #..# #.....
#..###..# #.....
#.......## ####..
#........#########..
#..#####.#..........
#........+..........
#..@.....#..........
#...T....#..........
#...3.)..##########.
#.......## #.
#.......# ..
#.#####.# . #. .# #.
# ##


You could see a troll and a friendly ynoxinul.

Vanquished Creatures
  A two-headed ogre (D:7)
  The ghost of ThereIsNoGod the Basher, a novice TrFi (D:6)
  2 trolls (D:9)
  A wraith (D:9)
  A vampire (D:10)
  2 hungry ghosts
  2 hell hounds (D:8)
  2 orc warriors
  An ice beast (D:7)
  2 phantoms
  5 sky beasts
  A black bear (shapeshifter) (D:10)
  2 black bears (D:9)
  An eye of draining (D:10)
  2 centaurs (D:6)
  5 ogres
  2 crocodiles (D:9)
  8 bullfrogs
  4 big kobolds
  2 scorpions
  12 wights
  9 killer bees
  2 centaur zombies
  A bullfrog zombie (D:10)
  3 crimson imps
  3 quasits
  10 hounds
  2 bullfrog skeletons
  7 orc priests
  Crazy Yiuf (D:7)
  2 jellies
  5 orc wizards
  4 iguanas
  Terence (D:2)
  8 worker ants
  A killer bee zombie (D:8)
  A hound zombie (D:6)
  2 hound skeletons (D:7)
  A worker ant zombie (D:5)
  6 gnolls
  9 adders
  A shadow imp (D:10)
  An adder zombie (D:5)
  2 worms (D:2)
  4 dart slugs
  A leopard gecko (shapeshifter) (D:9)
  8 leopard geckos
  43 orcs
  4 ball pythons
  8 giant cockroaches
  5 hobgoblins
  21 jackals
  31 kobolds
  3 quokkas
  8 bats
  17 frilled lizards
  9 goblins
  A quokka skeleton (D:4)
  4 rats
308 creatures vanquished.

Notes
Turn   | Place    | Note
-------+----------+-------------------------------------------
     0 | D:1      | Inkary the Minotaur Gladiator began the quest for the Orb.
     0 | D:1      | Reached XP level 1. HP: 18/18 MP: 0/0
   169 | D:1      | Reached XP level 2. HP: 14/25 MP: 1/1
   341 | D:1      | Reached skill level 1 in Armour
   746 | D:1      | Reached XP level 3. HP: 31/31 MP: 2/2
  1168 | D:2      | Found a burning altar of Makhleb.
  1168 | D:2      | Noticed a green death
  1171 | D:2      | Noticed Terence
  1181 | D:2      | Killed Terence
  1181 | D:2      | Reached XP level 4. HP: 36/40 MP: 3/3
  1191 | D:2      | Noticed a hellwing
  1191 | D:2      | Noticed a ynoxinul
  1193 | D:2      | Became a worshipper of Makhleb the Destroyer
  1646 | D:2      | Reached skill level 5 in Staves
  1728 | D:3      | Reached skill level 2 in Armour
  1990 | D:3      | Found a transporter.
  2259 | D:2      | Reached XP level 5. HP: 40/46 MP: 4/4
  2320 | D:3      | Found a transporter.
  3320 | D:4      | Found a radiant altar of Vehumet.
  3365 | D:4      | Reached * piety under Makhleb
  3365 | D:4      | Reached skill level 3 in Armour
  3375 | D:4      | Reached XP level 6. HP: 33/52 MP: 5/5
  3896 | D:5      | Entered Level 5 of the Dungeon
  3921 | D:5      | Found Kyigat Kaaq's Weapon Shoppe.
  3945 | D:5      | Found Todit Rye's Jewellery Boutique.
  3972 | D:5      | Found Japtoyv's Food Shoppe.
  4003 | D:5      | Found a glowing drain.
  4008 | Sewer    | Entered a sewer
  4089 | Sewer    | Reached skill level 4 in Armour
  4091 | Sewer    | Reached ** piety under Makhleb
  4212 | Sewer    | Reached XP level 7. HP: 59/59 MP: 6/6
  4473 | D:5      | Reached skill level 5 in Armour
  4769 | D:5      | Reached XP level 8. HP: 34/66 MP: 7/7
  4791 | D:5      | Found Saucanyps's Armour Shoppe.
  4799 | D:5      | Bought a +0 pair of gloves of strength for 138 gold pieces
  4905 | D:5      | Bought a meat ration for 55 gold pieces
  4905 | D:5      | Bought a bread ration for 55 gold pieces
  5160 | D:6      | Noticed ThereIsNoGod's ghost (novice TrFi)
  5171 | D:5      | Reached skill level 6 in Armour
  5356 | D:6      | Killed ThereIsNoGod's ghost
  5356 | D:6      | Reached skill level 10 in Staves
  5356 | D:6      | Reached skill level 7 in Armour
  5399 | D:6      | Reached skill level 1 in Invocations
  5441 | D:6      | Reached skill level 5 in Fighting
  5467 | D:6      | Reached *** piety under Makhleb
  5472 | D:6      | Reached XP level 9. HP: 65/74 MP: 7/9
  5574 | D:6      | Found a staircase to the Ecumenical Temple.
  5648 | D:6      | Reached skill level 8 in Armour
  5819 | D:6      | Learned a level 3 spell: Confuse
  6033 | D:6      | Gained mutation: Your spells are a little harder to cast, but a little more powerful. [mutagenic meat]
  6034 | D:6      | Gained mutation: You do not regenerate when monsters are visible. [mutagenic meat]
  6396 | D:7      | Found a shattered altar of Ashenzari.
  6491 | D:7      | Noticed a two-headed ogre
  6510 | D:7      | Killed a two-headed ogre
  6510 | D:7      | Reached skill level 9 in Armour
  6763 | D:7      | Found a runed door.
  6829 | D:7      | Reached XP level 10. HP: 85/86 MP: 12/12
  7028 | D:7      | Reached skill level 1 in Shields
  7028 | D:7      | Reached skill level 5 in Invocations
  7086 | D:7      | Noticed Crazy Yiuf
  7092 | D:7      | Killed Crazy Yiuf
  7092 | D:7      | Reached **** piety under Makhleb
  7151 | D:8      | Found a staircase to the Lair.
  7694 | D:8      | Reached skill level 10 in Armour
  7955 | D:9      | Reached skill level 11 in Armour
  8244 | D:9      | Found a hazy altar of Hepliaklqana.
  8244 | D:9      | Found a glowing golden altar of the Shining One.
  8244 | D:9      | Found a stormy altar of Qazlal.
  8244 | D:9      | Found a deep blue altar of Sif Muna.
  8251 | D:9      | Reached ***** piety under Makhleb
  8274 | D:9      | Found a white marble altar of Elyvilon.
  8274 | D:9      | Found a shimmering altar of Xom.
  8426 | D:9      | Gained mutation: You are resistant to hostile enchantments. (MR+) [mutagenic meat]
  8427 | D:9      | Gained mutation: You tend to lose your temper in combat. [mutagenic meat]
  8568 | D:9      | Reached skill level 12 in Armour
  8829 | D:10     | Entered Level 10 of the Dungeon
  9120 | D:10     | Reached skill level 13 in Armour
  9144 | D:10     | Got a crystal great sword
  9145 | D:10     | Identified the +5 great sword "Vaguskis" {pain, +Blink MR- Str+6} (You found it on level 10 of the Dungeon)
  9183 | D:10     | Reached skill level 1 in Long Blades
  9189 | D:10     | Learned a level 1 spell: Summon Butterflies
  9193 | D:10     | Learned a level 1 spell: Apportation
  9197 | D:10     | Learned a level 3 spell: Regeneration
  9348 | D:10     | Reached XP level 11. HP: 94/94 MP: 13/13
  9413 | D:10     | Slain by a troll

Skill      XL: |  1  2  3  4  5  6  7  8  9 10 |
---------------+-------------------------------+-----
Armour         | 1 2 3 4 5 7 9 13 | 13.0
Fighting       | 3 4 5 7 |  7.8
Staves         | 4 5 6 7 9 10 | 10.8
Invocations    | 1 4 5 |  5.1
Polearms       | 3 |  3.4
Shields        | 2 |  2.8
Long Blades    | 1 |  1.9
Throwing       | |  2.0
Dodging        | |  3.2
Spellcasting   | |  0.3

Action                   |  1- 3 |  4- 6 |  7- 9 | 10-12 || total
-------------------------+-------+-------+-------+-------++-------
Melee: Quarterstaff      |    96 |   157 |   167 |   240 ||   660
       Headbutt          |    10 |    21 |    54 |    49 ||   134
       Trident           |       |       |    40 |    22 ||    62
       Staff             |       |       |    27 |       ||    27
       Great sword       |       |       |       |    20 ||    20
Throw: Throwing net      |       |       |     1 |       ||     1
Invok: Minor Destruction |       |       |     3 |     1 ||     4
       Lesser Servant of |       |       |       |     1 ||     1
       Major Destruction |       |       |       |     1 ||     1
  Use: Scroll            |       |     7 |     6 |     1 ||    14
       Potion            |       |       |     2 |     1 ||     3
 Stab: Held in net/web   |       |       |     1 |       ||     1
       Confused          |       |       |       |     3 ||     3
  Eat: Chunk             |     1 |    10 |     8 |     8 ||    27
       Meat ration       |       |       |     1 |     1 ||     2
Armor: Leather armour    |     3 |       |       |       ||     3
       Chain mail        |     6 |    32 |    53 |       ||    91
       Ring mail         |    20 |    51 |       |       ||    71
       Ice dragon scales |       |       |    48 |   154 ||   202
Dodge: Dodged            |    61 |   116 |   108 |   160 ||   445
       Rpst.: Great sword |       |       |       |     4 ||     4
